 Dungeon Crawl Stone Soup version 0.28.0-53-g5a82cb258f (webtiles) character file.

Game seed: 16136784402039651899

22176 Peloso the Fencer (level 12, -5/112 HPs)
             Began as a Minotaur Fighter on June 29, 2022.
             Was a Believer of Okawaru.
             Slain by a minotaur
             ... wielding the +6 trident "Koaffyd" {distort, Str+5}
              (9 damage)
             ... in a Gauntlet.
             The game lasted 00:26:04 (14143 turns).

Peloso the Fencer (Minotaur Fighter)               Turns: 14143, Time: 00:26:06

Health: -5/112     AC: 28    Str: 23    XL:     12   Next: 60%
Magic:  9/11       EV: 10    Int:  5    God:    Okawaru [**....]
Gold:   557        SH: 13    Dex: 13    Spells: 11/11 levels left

rFire   . . .      SeeInvis .   a - +4 long sword
rCold   . . .      Faith    .   c - +0 kite shield
rNeg    . . .      Spirit   .   k - +0 plate armour
rPois   .          Reflect  .   (helmet restricted)
rElec   .          Harm     .   n - +2 cloak
rCorr   .          Rampage  .   q - +2 pair of gloves
Will    .....      NoTele   +   e - +1 pair of boots
Stlth   ..........              x - amulet of regeneration
HPRegen 1.08/turn               (no ring)
MPRegen 0.12/turn               (no ring)

@: mighty, heroic, studying Stealth
A: horns 2, retaliatory headbutt
a: Renounce Religion, Heroism


You were in a Gauntlet.
You worshipped Okawaru.
Okawaru was pleased with you.
You visited 2 branches of the dungeon, and saw 12 of its levels.
You also visited: Gauntlet.

You collected 557 gold pieces.

Inventory:

Hand Weapons
 a - a +4 long sword (weapon)
 b - a +4 short sword of freezing
Armour
 c - a +0 kite shield (worn)
 e - a +1 pair of boots (worn)
 k - a +0 plate armour (worn)
 n - a +2 cloak (worn)
 q - a +2 pair of gloves (worn)
Jewellery
 x - an amulet of regeneration (around neck)
 E - the amulet of the Manifold Artists {Reflect Will+ Str-3 SH+5 SInv}
   (You found it in a Gauntlet)

   [amulet of reflection]

   It reflects blocked missile attacks.
   Str:       It affects your strength (-3).
   SInv:      It lets you see invisible.
   SH:        It affects your SH (+5).
   Will:      It increases your willpower.
Wands
 o - a wand of mindburst (15)
 v - a wand of charming (7)
 w - a wand of polymorph (7)
 D - a wand of flame (12)
Scrolls
 g - 3 scrolls of amnesia
 h - 3 scrolls of magic mapping
 j - 2 scrolls of enchant armour
 m - 2 scrolls of teleportation
 r - a scroll of blinking
 s - 3 scrolls of immolation
 u - 2 scrolls of enchant weapon
 y - a scroll of holy word {unknown}
 A - 2 scrolls of fog {unknown}
Potions
 f - 3 potions of brilliance
 i - a potion of cancellation
 l - a potion of heal wounds
 p - 3 potions of mutation
 t - 2 potions of magic
 z - a potion of invisibility {unknown}
 B - a potion of degeneration {unknown}
 C - 2 potions of curing


   Skills:
 + Level 12.2(17.2) Fighting
 + Level 15.1(20.1) Long Blades
 + Level 13.3(18.3) Armour
 + Level 3.2(8.2) Dodging
 + Level 0.6(5.6) Stealth
 + Level 10.8(15.8) Shields
 + Level 0.2 Invocations
 + Level 1.0 Evocations


You had 11 spell levels left.
You didn't know any spells.
Your spell library contained the following spells:

 Spells                   Type           Power      Damage    Failure   Level
 Beastly Appendage        Tmut           0%         N/A       99%         1
 Freeze                   Ice            0%         1d3       99%         1
 Slow                     Hex            0%         N/A       99%         1
 Sting                    Tmut/Pois      0%         1d3       99%         1
 Poisonous Vapours        Pois/Air       0%         N/A       100%        2
 Static Discharge         Conj/Air       0%         N/A       100%        2
 Wereblood                Tmut           0%         N/A       100%        2
 Confusing Touch          Hex            0%         N/A       100%        3
 Frozen Ramparts          Ice            0%         1d2       100%        3
 Spider Form              Tmut/Pois      0%         N/A       100%        3
 Vampiric Draining        Necr           0%         2d6       100%        3
 Hailstorm                Conj/Ice       0%         3d3       100%        4
 Leda's Liquefaction      Hex/Erth       0%         N/A       100%        4
 Olgreb's Toxic Radiance  Pois           0%         N/A       100%        4
 Blade Hands              Tmut           0%         N/A       100%        5
 Borgnjor's Vile Clutch   Necr/Erth      0%         N/A       100%        5
 Irradiate                Conj/Tmut      0%         3d13      100%        5
 Lee's Rapid Deconstruct  Erth           0%         3d5*      100%        5
 Lightning Bolt           Conj/Air       0%         1d11      100%        5
 Statue Form              Tmut/Erth      0%         N/A       100%        6
 Dragon Form              Tmut           0%         N/A       100%        7
 Maxwell's Capacitive Co  Air            0%         ∞         100%        8
 Animate Dead             Necr           Unusable   N/A       N/A         4
 Death Channel            Necr           Unusable   N/A       N/A         6

Dungeon Overview and Level Annotations

Branches:
Dungeon (11/15)            Temple (1/1) D:5            Lair (0/6) D:10
Gauntlet (1/1)
    Orc: D:9-12

Altars:
Ashenzari
Cheibriados
Dithmenos
Elyvilon
Fedhas
Gozag
Hepliaklqana
Kikubaaqudgha
Makhleb
Nemelex Xobeh
Okawaru
Qazlal
Ru
Sif Muna
Trog
Uskayaw
Vehumet
Wu Jian
Xom
Yredelemnul
Zin
The Shining One
Jiyva

Shops:
D:3 *

Annotations:
D:5 1 runed translucent door, Infinimo's ghost, novice OgBe Gauntlet 6 transporters, 1 runed translucent door


Innate Abilities, Weirdness & Mutations

You have a pair of horns on your head.
You reflexively headbutt those who attack you in melee.


Message History

* * * LOW HITPOINT WARNING * * *
The minotaur gores you but does no damage.
You slice the minotaur!! The minotaur blocks your attack.
The minotaur is almost dead.
The minotaur hits you with the +6 trident "Koaffyd" {distort, Str+5}.
* * * LOW HITPOINT WARNING * * *
You block the minotaur's attack.
You hit the minotaur but do no damage.
The minotaur is almost dead.
The minotaur blocks your attack.
Your headbutt misses the minotaur.
The minotaur is almost dead.
The minotaur hits you but does no damage.
Space warps around you.
* * * LOW HITPOINT WARNING * * *
The minotaur gores you.
* * * LOW HITPOINT WARNING * * *
The minotaur blocks your attack.
The minotaur is severely wounded.
The minotaur hits you with the +6 trident "Koaffyd" {distort, Str+5}!!
* * * LOW HITPOINT WARNING * * *
Space warps around you.
* * * LOW HITPOINT WARNING * * *
The minotaur gores you but does no damage.
You feel much better. You block the minotaur's attack. x2
The minotaur blocks your attack.
The minotaur is severely wounded.
You block the minotaur's attack. The minotaur gores you.
You hit the minotaur.
You headbutt the minotaur, but do no damage.
The minotaur is severely wounded.
The minotaur hits you with the +6 trident "Koaffyd" {distort, Str+5}!
* * * LOW HITPOINT WARNING * * *
You block the minotaur's attack.
You gain the combat prowess of a mighty hero.
The minotaur hits you with the +6 trident "Koaffyd" {distort, Str+5}!!
* * * LOW HITPOINT WARNING * * *
Space warps around you.
* * * LOW HITPOINT WARNING * * *
The minotaur gores you!
You die...

##
##################
##
#...............
#.⌠.⌠.⌠.©.©.⌠.⌠.
#...............
###.#.#######.#.
#.#....# ..
#.#.##.#.##.#.
#....H........
#.#.@##'##..#.
#.#..# .8# #....#
..# ###8.# H8#
#### .[# .8# .[#


You could see a minotaur.

Vanquished Creatures
  A fenstrider witch (shapeshifter) (Gauntlet)
  A centaur warrior (D:9)
  A two-headed ogre (D:7)
  A boulder beetle (D:7)
  2 thrashing horrors (Gauntlet)
  Nergalle (D:10)
  A fire crab (Gauntlet)
  A deep elf pyromancer (D:7)
  A cyclops (shapeshifter) (Gauntlet)
  A manticore (D:11)
  A black mamba (shapeshifter) (Gauntlet)
  A gargoyle (D:6)
  A komodo dragon (D:8)
  3 trolls
  Prince Ribbit (D:8)
  A hornet (D:7)
  Grinder (D:3)
  A shadow (D:9)
  4 wraiths
  A wyvern (D:9)
  32 yaks
  2 fire bats (Gauntlet)
  Grum (D:10)
  A steam dragon (D:9)
  An acid dragon (D:10)
  Duvessa (D:6)
  3 water moccasins
  5 orc warriors
  3 ice beasts
  6 sky beasts
  2 black bears
  3 ogres
  4 centaurs
  4 wolves (D:10)
  4 small abominations (Gauntlet)
  10 bullfrogs
  3 gnoll sergeants
  2 wyvern zombies
  3 scorpions
  Dowan (D:6)
  3 water moccasin skeletons
  6 killer bees
  19 wights
  3 howler monkeys
  3 bullfrog zombies
  7 centaur zombies
  A jelly (D:8)
  4 orc priests
  Crazy Yiuf (D:4)
  4 hounds
  2 bullfrog skeletons
  4 centaur skeletons
  6 iguanas
  12 orc wizards
  A killer bee zombie (D:7)
  2 hound skeletons
  A howler monkey zombie (D:9)
  20 gnolls
  3 howler monkey skeletons
  5 adders
  2 shadow imps (D:7)
  A white imp (D:6)
  An ufetubus (D:5)
  A worm (D:6)
  6 dart slugs
  20 orcs
  6 endoplasms
  10 giant cockroaches
  6 goblins
  5 hobgoblins
  9 jackals
  6 kobolds
  2 quokkas
  2 ball pythons
  4 bats
  6 frilled lizards
  2 rats (D:2)
313 creatures vanquished.

Vanquished Creatures (others)
  A jelly (D:7)
  An orc wizard (D:8)
  3 plants (D:9)
5 creatures vanquished.

Grand Total: 318 creatures vanquished

Notes
Turn   | Place    | Note
-------+----------+-------------------------------------------
     0 | D:1      | Peloso the Minotaur Fighter began the quest for the Orb.
     0 | D:1      | Reached XP level 1. HP: 19/19 MP: 0/0
   131 | D:1      | Reached XP level 2. HP: 27/27 MP: 1/1
   135 | D:1      | Found a faded altar of an unknown god.
   386 | D:1      | Reached skill level 3 in Long Blades
   414 | D:1      | Reached XP level 3. HP: 33/33 MP: 2/2
   701 | D:2      | Reached XP level 4. HP: 16/40 MP: 3/3
  1303 | D:2      | Reached skill level 4 in Long Blades
  1609 | D:3      | Noticed Grinder
  1616 | D:3      | Paralysed by Grinder for 2 turns
  1620 | D:3      | Killed Grinder
  1621 | D:3      | Reached skill level 5 in Long Blades
  1621 | D:3      | Reached skill level 5 in Armour
  1621 | D:3      | Reached skill level 1 in Dodging
  1621 | D:3      | Reached XP level 5. HP: 14/47 MP: 4/4
  1621 | D:3      | Reached XP level 6. HP: 16/53 MP: 5/5
  1905 | D:3      | Found Zin's Purification Station.
  1905 | D:3      | Found a glowing silver altar of Zin.
  2045 | D:3      | Reached skill level 6 in Long Blades
  2208 | D:3      | Found a blossoming altar of Fedhas.
  2835 | D:4      | Found a runed translucent door.
  2836 | D:4      | Noticed Crazy Yiuf
  2868 | D:4      | Reached XP level 7. HP: 60/60 MP: 6/6
  3336 | D:4      | Killed Crazy Yiuf
  3383 | D:5      | Entered Level 5 of the Dungeon
  3383 | D:5      | Found a runed translucent door.
  3392 | D:5      | Reached skill level 5 in Fighting
  3392 | D:5      | Reached skill level 7 in Long Blades
  3470 | D:5      | Found an ornate altar of the Wu Jian Council.
  3528 | D:5      | Found a staircase to the Ecumenical Temple.
  4223 | D:5      | Noticed Infinimo's ghost (novice OgBe)
  4297 | D:5      | Found a shimmering blue altar of Sif Muna.
  4298 | D:5      | Found a shimmering altar of Xom.
  4298 | D:5      | Found a sparkling altar of Nemelex Xobeh.
  4299 | D:5      | Found an ancient bone altar of Kikubaaqudgha.
  4324 | D:5      | Reached skill level 8 in Long Blades
  4324 | D:5      | Reached XP level 8. HP: 57/69 MP: 7/7
  4324 | D:5      | Found a stormy altar of Qazlal.
  4362 | Temple   | Entered the Ecumenical Temple
  4908 | D:6      | Reached skill level 5 in Shields
  4913 | D:6      | Reached skill level 9 in Long Blades
  5592 | D:6      | Reached skill level 10 in Long Blades
  5637 | D:6      | Reached XP level 9. HP: 41/78 MP: 8/8
  6330 | D:6      | Noticed Duvessa
  6330 | D:6      | Noticed Dowan
  6342 | D:6      | Killed Dowan
  6348 | D:6      | Killed Duvessa
  6519 | D:6      | Found a burning altar of Makhleb.
  6982 | D:7      | Reached skill level 11 in Long Blades
  7562 | D:7      | Noticed a troll
  7567 | D:7      | Noticed a two-headed ogre
  7571 | D:7      | Killed a troll
  7606 | D:7      | Reached XP level 10. HP: 86/88 MP: 9/9
  7630 | D:7      | Killed a two-headed ogre
  7631 | D:7      | Reached skill level 12 in Long Blades
  7966 | D:7      | Noticed a gargoyle
  8050 | D:6      | Killed a gargoyle
  8057 | D:6      | Reached skill level 1 in Evocations
  8285 | D:7      | Noticed a boulder beetle
  8295 | D:6      | Reached skill level 10 in Armour
  8450 | D:7      | Killed a boulder beetle
  8450 | D:7      | Noticed a deep elf pyromancer
  8451 | D:7      | Reached skill level 13 in Long Blades
  8461 | D:7      | Killed a deep elf pyromancer
  8469 | D:7      | HP: 4/91 [hornet (4)]
  9657 | D:8      | Reached XP level 11. HP: 93/99 MP: 10/10
  9949 | D:8      | Reached skill level 10 in Fighting
 10421 | D:8      | Noticed Prince Ribbit
 10433 | D:8      | Killed Prince Ribbit
 11111 | D:9      | Reached skill level 14 in Long Blades
 11291 | D:9      | Found a broken altar of Ashenzari.
 11377 | D:9      | HP: 5/102 [steam dragon] (10)]
 12563 | D:10     | Entered Level 10 of the Dungeon
 12569 | D:10     | Noticed a centaur warrior
 12713 | D:9      | Killed a centaur warrior
 12786 | D:10     | Reached XP level 12. HP: 107/110 MP: 11/11
 13144 | D:10     | Noticed Grum
 13152 | D:10     | Killed Grum
 13386 | D:10     | Noticed Nergalle
 13398 | D:10     | Killed Nergalle
 13403 | D:10     | Found an iron altar of Okawaru.
 13408 | D:10     | Became a worshipper of Warmaster Okawaru
 13465 | D:10     | Found a staircase to the Lair.
 13700 | D:11     | Found a gate leading to a gauntlet.
 13708 | Gauntlet | Entered a Gauntlet
 13708 | Gauntlet | Found a transporter.
 13708 | Gauntlet | Found a transporter.
 13720 | Gauntlet | Found a transporter.
 13721 | Gauntlet | Found a transporter.
 13735 | Gauntlet | Found a transporter.
 13738 | Gauntlet | Found a transporter.
 13751 | Gauntlet | Found a transporter.
 13763 | Gauntlet | Noticed a death scarab
 13763 | Gauntlet | Noticed a death scarab
 13765 | Gauntlet | Found a transporter.
 13771 | Gauntlet | Found a transporter.
 13776 | Gauntlet | Found a runed translucent door.
 13792 | Gauntlet | Found a transporter.
 13794 | Gauntlet | Found a runed translucent gate.
 13794 | Gauntlet | Found a runed translucent gate.
 13794 | Gauntlet | Found a runed translucent gate.
 13800 | Gauntlet | Noticed an anaconda
 13800 | Gauntlet | a swamp worm changed into an anaconda
 13802 | Gauntlet | Found a transporter.
 13806 | Gauntlet | Found a transporter.
 13860 | Gauntlet | Reached * piety under Okawaru
 13863 | Gauntlet | Reached skill level 10 in Shields
 13932 | Gauntlet | Noticed a death yak
 13976 | Gauntlet | Noticed a catoblepas
 13976 | Gauntlet | a death yak changed into a catoblepas
 13988 | Gauntlet | Noticed a storm dragon
 13988 | Gauntlet | a catoblepas changed into a storm dragon
 13993 | Gauntlet | Noticed a fenstrider witch
 14004 | Gauntlet | Killed a fenstrider witch
 14007 | Gauntlet | Reached skill level 15 in Long Blades
 14044 | Gauntlet | Reached ** piety under Okawaru
 14083 | Gauntlet | Identified the amulet of the Manifold Artists {Reflect
                  | Will+ Str-3 SH+5 SInv}
 14119 | Gauntlet | Identified the +6 trident "Koaffyd" {distort, Str+5}
 14119 | Gauntlet | Identified the +0 tower shield of the Armadillo {Int+6}
 14119 | Gauntlet | Identified the ring "Sufraz" {rElec rPois Will+ Str+6
                  | Int-3}
 14119 | Gauntlet | Noticed a minotaur
 14143 | Gauntlet | HP: 4/112 [minotaur/the +6 trident "Koaffyd" {distort,
                  | Str+5} (5)]
 14143 | Gauntlet | Slain by a minotaur

Illustrated notes

Levels and vault maps discovered:
D:1:      dpeg_arrival_orchard, layout_basic, hellmonk_ecumenical_altar_zigzags
D:2:      layout_loops_ring, minmay_indecisive_spiral
D:3:      layout_loops_cross, fedhas_altar_3, zin_purify, uniq_grinder
D:4:      layout_basic, chequers_serial_rivers_marsh, uniq_crazy_yiuf_cottage
D:5:      layout_rooms, mainiacjoe_overflow_paths, grunt_temple_overflow_open,
          temple_green, ebering_ghost_sewer_d
D:6:      layout_basic, kennysheep_mini, kennysheep_big_empty_room,
          kennysheep_path_1, wad_floor_pattern_1, minmay_alternating_orb,
          uniq_duvessa
D:7:      nzn_winding_woodlands_stair_cross [nzn_winding_woodlands_5x15_pool,
          nzn_winding_woodlands_center_pierced_h,
          nzn_winding_woodlands_5x15_split_checker,
          nzn_winding_woodlands_5x5_cross, nzn_winding_woodlands_5x5_three,
          nzn_winding_woodlands_5x15_parted,
          nzn_winding_woodlands_center_diamonds,
          nzn_winding_woodlands_5x15_crooked], layout_basic
D:8:      minmay_angry_zag, layout_basic, uniq_prince_ribbit1
D:9:      layout_basic, evilmike_ruin_ashenzari,
          hangedman_abyss_or_decor_stagger, serial_bayou_pond_e,
          hangedman_decor_riveting, grunt_potential
D:10:     layout_gridville, mainiacjoe_overflow_24_doors, lair_entry_dummy,
          minmay_fractal_squares_5, uniq_grum, uniq_nergalle
D:11:     layout_loops_ring, gauntlet_entry_generic, serial_bayou_lagoon_a
Temple:   pf_slimified_temple
Gauntlet: minmay_gauntlet_77_indecision [minmay_gauntlet_arena_77_box,
          minmay_gauntlet_arena_77_mirror, minmay_gauntlet_arena_77_checkered,
          minmay_gauntlet_arena_77_run_for_it,
          minmay_gauntlet_arena_77_tiled_triplets,
          minmay_gauntlet_arena_77_path, nicolae_gauntlet_exit_dead_adventurers]

Skill      XL: |  1  2  3  4  5  6  7  8  9 10 11 12 |
---------------+-------------------------------------+-----
Shields        | 4 5 6 7 8 10 | 10.8
Armour         | 4 5 6 7 9 10 12 13 | 13.3
Long Blades    | 3 5 6 8 10 11 13 14 15 | 15.1
Fighting       | 4 5 6 8 9 11 12 | 12.2
Dodging        | 1 2 3 |  3.2
Evocations     | 1 |  1.0
Stealth        | |  0.6
Invocations    | |  0.2

Action                   |  1- 3 |  4- 6 |  7- 9 | 10-12 || total
-------------------------+-------+-------+-------+-------++-------
Melee: Long sword        |    58 |   103 |   365 |   628 ||  1154
       Headbutt          |    16 |    19 |    76 |   162 ||   273
Invok: Heroism           |       |       |       |     4 ||     4
Evoke: Wand              |       |       |       |     4 ||     4
  Use: Scroll            |       |     5 |     2 |     7 ||    14
       Potion            |       |     3 |     1 |    10 ||    14
Armor: Scale mail        |    30 |    46 |       |       ||    76
       Plate armour      |       |       |   270 |   399 ||   669
Dodge: Dodged            |    21 |    50 |   107 |   170 ||   348
Block: Buckler           |    13 |    20 |    97 |    64 ||   194
       Kite shield       |       |       |       |   150 ||   150
